 Dungeon Crawl Stone Soup version 0.20.1-1-g8b1a95d (webtiles) character file.

954 grizmgrazm2 the Covert (level 7, 0/48 HPs)
             Began as a Vampire Enchanter on Sept 24, 2017.
             Was a Follower of Vehumet.
             Slain by a two-headed ogre
             ... wielding a +0 giant club
              (3 damage)
             ... on level 5 of the Dungeon.
             The game lasted 00:20:35 (7739 turns).

grizmgrazm2 the Covert (Vampire Enchanter)          Turns: 7739, Time: 00:20:35

Health: 0/48       AC:  7    Str:  7    XL:     7   Next: 90%
Magic:  5/13       EV: 13    Int: 26    God:    Vehumet [*.....]
Gold:   126        SH:  0    Dex: 14    Spells: 5/14 levels left

rFire    . . .     SeeInvis +   a - +1 dagger
rCold    + . .     Gourm    .   (no shield)
rNeg     + + .     Faith    .   b - +0 robe
rPois    +         Spirit   .   o - +2 helmet {Int+3}
rElec    .         Reflect  .   f - +0 cloak
rCorr    .         Harm     .   e - +0 pair of gloves
MR       .....                  (no boots)
Stlth    +++++.....             i - amulet of inaccuracy (curse)
Regen    0.1/turn               m - +3 ring of intelligence
MPRegen  0.2/turn               (no ring)

@: regenerating slowly
A: fangs 3, see invisible, unbreathing
a: Bat Form, Renounce Religion


You were on level 5 of the Dungeon.
You worshipped Vehumet.
Vehumet was aware of your devotion.
You were near bloodless.

You visited 1 branch of the dungeon, and saw 5 of its levels.
You also visited: Sewer.

You collected 314 gold pieces.
You spent 188 gold pieces at shops.

Inventory:

Hand Weapons
 a - a +1 dagger (weapon)
Armour
 b - a +0 robe (worn)
 e - a +0 pair of gloves (worn)
 f - a +0 cloak (worn)
 o - a +2 helmet of intelligence (worn)
Jewellery
 g - a +2 amulet of reflection
 i - a cursed amulet of inaccuracy (around neck)
 m - a +3 ring of intelligence (left hand)
Wands
 l - a wand of flame (27/48)
 p - a wand of iceblast (8/15)
Scrolls
 h - 4 scrolls of identify
 j - 3 scrolls of magic mapping
Potions
 d - 11 potions of blood
 k - a potion of brilliance
 n - 2 potions of curing
 s - 2 potions of haste
Books
 c - a book of Maledictions

   Spells                             Type                      Level
   a - Corona                         Hexes                        1
   b - Ensorcelled Hibernation        Hexes/Ice                    2
   c - Confuse                        Hexes                        3
   d - Tukima's Dance                 Hexes                        3
   e - Dazzling Spray                 Conjuration/Hexes            3


   Skills:
 + Level 1.3 Fighting
 + Level 3.3 Short Blades
 + Level 2.6 Dodging
 + Level 9.2 Stealth
 + Level 4.0 Spellcasting
 + Level 7.0 Hexes
 + Level 2.8 Ice Magic


You had 5 spell levels left.
You knew the following spells:

 Your Spells              Type           Power        Failure   Level  Hunger
a - Ensorcelled Hibernat  Hex/Ice        ####..       1%          2    None
b - Confuse               Hex            #####...     1%          3    ##.....
c - Tukima's Dance        Hex            #####...     1%          3    ##.....
d - Corona                Hex            #####..      1%          1    None


Dungeon Overview and Level Annotations

Branches:
Dungeon (5/15)
 Temple: D:4-7

Altars:
Fedhas
Gozag
Trog
Uskayaw
Vehumet
Yredelemnul

Shops:
D:4 =   D:5 =

Annotations:
D:3 Scuka's ghost, amateur MiFi


Innate Abilities, Weirdness & Mutations

You heal slowly.
You have razor-sharp teeth.
You have supernaturally acute eyesight. (SInv)
You can survive without breathing.


Message History

Aiming: Tukima's Dance
Press: ? - help, Shift-Dir - straight line, f - two-headed ogre
Aim: a two-headed ogre, wielding two giant clubs (lightly wounded, chance to defeat MR: 61%)
The giant club dances into the air!
The two-headed ogre hits you with a giant club!!
The two-headed ogre hits you with a giant club!
* * * LOW HITPOINT WARNING * * *
Casting: Tukima's Dance
Confirm with . or Enter, or press ? or * to list all spells.
Aiming: Ensorcelled Hibernation
Press: ? - help, Shift-Dir - straight line, f/p - two-headed ogre
Aim: a two-headed ogre, wielding a giant club (lightly wounded, chance to defeat MR: 41%)
The two-headed ogre resists with some effort.
The two-headed ogre closely misses you. The two-headed ogre misses you.
You hit the two-headed ogre but do no damage.
The two-headed ogre is lightly wounded.
The two-headed ogre hits you with a giant club.
* * * LOW HITPOINT WARNING * * *
The two-headed ogre hits you with a giant club.
You die...

.. ... #######+##...
#............
##..........
#......(.# #....O...##
#....@....#
#.........#
#########..##...##
##..........######
#...<........#
#......(.....#
#............#
#######...##...######
...####...##...##...##


You could see a two-headed ogre and a friendly giant club.

Vanquished Creatures
  Sigmund (D:2)
  An ice beast (D:5)
  A necrophage (D:4)
  An ogre (D:4)
  2 bullfrogs (Sewer)
  A howler monkey (D:4)
  2 crimson imps (D:5)
  A hound (D:4)
  An iguana (D:4)
  A worker ant (D:5)
  A worker ant zombie (D:5)
  Robin (D:4)
  10 adders
  A shadow imp (D:5)
  4 leopard geckos
  4 orcs
  11 giant cockroaches
  2 gnoll zombies (D:4)
  14 goblins
  12 hobgoblins
  5 kobolds
  2 quokkas
  7 ball pythons
  7 bats
  11 frilled lizards
  A quokka skeleton (D:4)
  A quokka zombie (D:5)
  7 rats
113 creatures vanquished.

Notes
Turn   | Place    | Note
-------+----------+-------------------------------------------
     0 | D:1      | grizmgrazm2 the Vampire Enchanter began the quest for the Orb.
     0 | D:1      | Reached XP level 1. HP: 13/13 MP: 3/3
   509 | D:1      | Reached XP level 2. HP: 18/19 MP: 5/5
   513 | D:1      | Learned a level 2 spell: Ensorcelled Hibernation
   834 | D:1      | Reached skill level 5 in Hexes
   976 | D:2      | Found an opulent altar of Gozag.
   979 | D:2      | Reached XP level 3. HP: 24/24 MP: 6/6
   982 | D:2      | Reached skill level 5 in Stealth
   987 | D:2      | Learned a level 3 spell: Confuse
  1594 | D:2      | Reached XP level 4. HP: 30/30 MP: 3/7
  1671 | D:2      | Reached skill level 1 in Ice Magic
  1718 | D:2      | Noticed Sigmund
  1724 | D:2      | Found a blossoming altar of Fedhas.
  2187 | D:3      | Noticed Scuka's ghost (amateur MiFi)
  2591 | D:2      | HP: 1/30 [Sigmund/scythe of protection (2)]
  3331 | D:2      | HP: 1/30 [Sigmund/scythe of protection (5)]
  4236 | D:3      | Noticed a phantom
  4434 | D:4      | Found a radiant altar of Vehumet.
  4445 | D:4      | Became a worshipper of Vehumet
  4657 | D:4      | Reached skill level 6 in Stealth
  4657 | D:4      | Reached XP level 5. HP: 35/35 MP: 6/9
  4662 | D:4      | Learned a level 3 spell: Tukima's Dance
  4783 | D:4      | Noticed a necrophage
  4795 | D:4      | Killed a necrophage
  4886 | D:4      | Found a bloodstained altar of Trog.
  4893 | D:4      | Found Ducaryilai's Jewellery Shoppe.
  4913 | D:4      | Reached skill level 7 in Stealth
  4913 | D:4      | Reached XP level 6. HP: 42/42 MP: 10/10
  4916 | D:4      | Noticed Robin
  5195 | D:4      | Found a hide-covered altar of Uskayaw.
  5379 | D:4      | Killed Robin
  5452 | D:4      | Reached skill level 8 in Stealth
  5718 | D:4      | Bought a +3 ring of intelligence for 188 gold pieces
  5869 | D:4      | Found a basalt altar of Yredelemnul.
  5957 | D:2      | Killed Sigmund
  5957 | D:2      | Reached XP level 7. HP: 47/47 MP: 7/12
  6524 | D:5      | Entered Level 5 of the Dungeon
  6553 | D:5      | Found Laynacos's Jewellery Boutique.
  6580 | D:5      | Reached skill level 1 in Fighting
  6634 | D:5      | Found a glowing drain.
  6654 | D:5      | Reached * piety under Vehumet
  6654 | D:5      | Offered knowledge of Sting by Vehumet.
  6725 | Sewer    | Entered a sewer
  7150 | Sewer    | Reached skill level 9 in Stealth
  7727 | D:5      | Noticed a two-headed ogre
  7739 | D:5      | Slain by a two-headed ogre

Skill      XL: |  1  2  3  4  5  6  7 |
---------------+----------------------+-----
Hexes          | 5 6 7 |  7.0
Stealth        | 5 6 7 8 9 |  9.2
Ice Magic      | 1 2 |  2.8
Short Blades   | 2 3 |  3.3
Spellcasting   | 3 4 |  4.0
Fighting       | 1 |  1.3
Dodging        | |  2.6

Action                   |  1- 3 |  4- 6 |  7- 9 || total
-------------------------+-------+-------+-------++-------
Melee: Dagger            |    78 |   192 |   106 ||   376
       Bite              |     2 |     9 |     7 ||    18
 Cast: Corona            |    10 |       |       ||    10
       Ensorcelled Hiber |    18 |    34 |    34 ||    86
       Confuse           |       |    19 |     3 ||    22
       Tukima's Dance    |       |       |     1 ||     1
 Abil: End Transformatio |       |     6 |     2 ||     8
       Bat Form          |       |     6 |     2 ||     8
  Use: Scroll            |     3 |     5 |     5 ||    13
       Potion            |     2 |     5 |     2 ||     9
 Stab: Sleeping          |    11 |    40 |    28 ||    79
       Confused          |       |     9 |     2 ||    11
Armor: Robe              |    33 |    22 |    33 ||    88
Dodge: Dodged            |    74 |    93 |    78 ||   245
Block: Other             |     5 |     2 |       ||     7
